Construct Section Command Post
Construct Platoon Command Post
Selects Air and Sea Battlegroup
Selects Commando Section Paradrop
Selects Commando Support Section Paradrop
Commando Support Section Paradrop
Construct Company Command Post
Commando Section Paradrop
Selects Anti-tank Rocket Loiter
Commando Support Section Paradrop
Selects Centaur Medium Tank
Selects Naval Bombardment
Unlock Towed 17-pounder Anti-tank Guns
17-pounder Anti-tank Gun Team
Unlock M3 Grant Medium Tanks
Commando Section Paradrop
17-pounder Anti-tank Gun Team
Commando Section Paradrop